 Dungeon Crawl Stone Soup version 0.25-a0-10-g2fe12d4386 (webtiles) character file.

Game seed: 9176822152176918472, levelgen mode: deterministic

8 Chiseanne the Magician (level 2, 19/19 HPs)
             Began as a Demonspawn Wizard on Oct 15, 2019.
             Quit the game on level 1 of the Dungeon.
             The game lasted 00:00:39 (472 turns).

Chiseanne the Magician (Demonspawn Wizard)           Turns: 472, Time: 00:00:40

Health: 19/19      AC:  2    Str:  7    XL:     2   Next: 0%
Magic:  4/6        EV: 12    Int: 19    God:
Gold:   30         SH:  0    Dex: 11    Spells: 6/7 levels left

rFire    . . .     SeeInvis .   f - +0 dagger
rCold    . . .     Gourm    .   (no shield)
rNeg     . . .     Faith    .   a - +0 robe
rPois    .         Spirit   .   b - +0 hat
rElec    .         Reflect  .   (no cloak)
rCorr    .         Harm     .   (no gloves)
MR       .....                  (no boots)
Stlth    ++........             (no amulet)
HPRegen  0.06/turn              (no ring)
MPRegen  0.10/turn              (no ring)

@: no status effects
A: horns 1
a: no special abilities


You were on level 1 of the Dungeon.
You were not hungry.

You visited 1 branch of the dungeon, and saw 1 of its levels.

You collected 30 gold pieces.

Inventory:

Hand Weapons
 f - a +0 dagger (weapon)
Missiles
 j - 25 stones (quivered)
Armour
 a - a +0 robe (worn)
 b - a +0 hat (worn)
Scrolls
 c - a scroll of enchant armour {unknown}
Potions
 e - a potion of magic {unknown}
 g - a potion of heal wounds {unknown}
 h - a potion of haste {unknown}
 i - 2 potions of brilliance {unknown}
Comestibles
 d - a ration


   Skills:
 - Level 1.7 Dodging
 - Level 1.7 Stealth
 * Level 3.2 Spellcasting
 * Level 1.5 Conjurations
   Level 1.0 Summonings
   Level 0.8 Translocations


You had 6 spell levels left.
You knew the following spells:

 Your Spells              Type           Power        Failure   Level  Hunger
a - Magic Dart            Conj           #...         8%          1    None

Your spell library contained the following spells:

 Spells                   Type           Power        Failure   Level  Hunger
 Blink                    Tloc           N/A          16%         2    ##.....
 Call Imp                 Summ           #.......     16%         2    ##.....
 Slow                     Hex            #.......     22%         2    ##.....
 Conjure Flame            Conj/Fire      #.......     32%         3    ###....
 Mephitic Cloud           Conj/Pois/Air  #.......     34%         3    ###....


Dungeon Overview and Level Annotations

Branches:
Dungeon (1/15)

Altars:


Innate Abilities, Weirdness & Mutations

You have a pair of small horns on your head.


Message History

[Y]es or [N]o only, please.
That beam is likely to hit you.
Continue anyway? [Y]es or [N]o only, please.
That beam is likely to hit you.
Continue anyway? [Y]es or [N]o only, please.
That beam is likely to hit you.
Continue anyway?
Okay, then.
A bat comes into view.
Found 18 stones.
Casting: Magic Dart (safe; 8% risk of failure)
Confirm with . or Enter, or press ? or * to list all spells.
Aiming: Magic Dart (safe; 8% risk of failure)
Press: ? - help, Shift-Dir - straight line, f - bat
Aim: a bat (resting)
The magic dart hits the bat.
You kill the bat!
You have reached level 2!
Your demonic ancestry asserts itself...
A pair of horns grows on your head!
Are you sure you want to abandon this character and quit the game? (Confirm with "yes".)

#############
#...........#
#......###..#
#......+....#
#.....###..#
#..........#
#......##.##
#......##@#
#......##.#
#......#...
######.#...(
#.#.....
##########.#.....#
#..........#....†#
#.##########.....#
#..#


There were no monsters in sight!

Vanquished Creatures
  A leopard gecko (D:1)
  A giant cockroach (D:1)
  A goblin (D:1)
  A hobgoblin (D:1)
  A bat (D:1)
  A frilled lizard (D:1)
  A rat (D:1)
7 creatures vanquished.

Notes
Turn   | Place    | Note
-------+----------+-------------------------------------------
     0 | D:1      | Chiseanne the Demonspawn Wizard began the quest for the
                  | Orb.
     0 | D:1      | Reached XP level 1. HP: 13/13 MP: 4/4
   471 | D:1      | Gained mutation: You have a pair of small horns on your
                  | head. [demonic ancestry]
   471 | D:1      | Reached XP level 2. HP: 19/19 MP: 4/6
   472 | D:1      | Quit the game

Levels and vault maps discovered:
D:1:      erik_arrival_cave_to_civilisation [erik_arrival_cave_to_hall],
          layout_basic, tso_altar

Action                   || total
-------------------------++-------
Melee: Dagger            ||     1
 Cast: Magic Dart        ||    12
 Stab: Sleeping          ||     1

Table legend:
 A = Non-vault XP
 B = Vault XP
 C = Vault XP percentage of total XP
 D = Non-vault monster count
 E = Vault monster count
 F = Vault count percentage of total count
                 A         B        C        D         E       F
            +---------+---------+-------+---------+---------+-------
      Total |      12 |       0 |   0.0 |       7 |       0 |   0.0
            +---------+---------+-------+---------+---------+-------
        D:1 |      12 |       0 |   0.0 |       7 |       0 |   0.0
            +---------+---------+-------+---------+---------+-------
